 Dungeon Crawl Stone Soup version 0.32-a0-768-g0f6f1dd4b9 (webtiles) character file.

Game seed: 11144965523863836980

247468 Xavori the Protected (level 20, -25/143 HPs)
             Began as a Djinni Chaos Knight on Mar 18, 2024.
             Was a Favourite Plaything of Xom.
             Annihilated by a dire elephant (36 damage)
             ... on level 1 of the Vaults.
             The game lasted 01:16:35 (37323 turns).

Xavori the Protected (Djinni Chaos Knight)         Turns: 37323, Time: 01:16:35

Health: -25/143    AC: 34    Str: 17    XL:     20   Next: 80%
Gold:   1713       EV: 15    Int: 22    God:    Xom [....*.] SH: 15 Dex: 21

rFire   + + .        Q - +9 double sword (heavy)
rCold   + . .        Y - +2 buckler
rNeg    . . .        E - +8 chain mail of Insurance {rC+ Int+4}
rPois   ∞            (helmet restricted)
rElec   +            R - +0 cloak
rCorr   +            J - +0 pair of gloves
SInv    .            (boots unavailable)
Will    +++++        F - amulet "Uruel" {Regen+ Dex+2} Stlth
                     s - ring of Tusocen {^Drain rC+ rCorr AC+4}
HPRegen 1.23/turn    o - ring of Cepa {Wiz Will+ Str+2 Int+3}
MPRegen 0.00/turn

%: wizardry (x1), infuse magic (-26 HP)
@: flying, studying 2 skills
A: sickness immunity, fire resistance 2, cold vulnerability 1, float, innate
caster, HP casting, extra vitality 1, horns 1, iridescent scales 3, large bone
plates 2, strong-willed 2, passive freeze, sense surroundings 1, electricity
resistance, strong 1, wild magic 2
}: 1/15 runes: gossamer
a: Renounce Religion


You were on level 1 of the Vaults.
You worshipped Xom.
You were a beloved toy of Xom.
You visited 6 branches of the dungeon, and saw 30 of its levels.

You collected 3441 gold pieces.
You spent 1728 gold pieces at shops.

Inventory:

Hand Weapons
 Q - a +9 heavy double sword (weapon)
Armour
 E - the +8 chain mail of Insurance (worn) {rC+ Int+4}
   (You took it off a gnoll on level 8 of the Dungeon)

   Int+4:     It affects your intelligence (+4).
   rC+:       It protects you from cold.
 J - a +0 pair of gloves (worn)
 M - the +2 leather armour "Coygg" {rF+ Str+2 Slay+6}
   (You found it on level 1 of the Lair of Beasts)

   Str+2:     It affects your strength (+2).
   Slay+6:    It affects your accuracy & damage with ranged weapons and melee
   (+6).
   rF+:       It protects you from fire.
 R - a +0 cloak (worn)
 V - a +2 kite shield
 Y - a +2 buckler (worn)
Jewellery
 a - the ring "Ynkacw" {rElec rF++ AC+4 Str-4 Dex+2}
   (You found it on level 4 of the Lair of Beasts)

   [ring of protection]

   AC+4:      It affects your AC (+4).
   Str-4:     It affects your strength (-4).
   Dex+2:     It affects your dexterity (+2).
   rF++:      It greatly protects you from fire.
   rElec:     It insulates you from electricity.
 n - a ring of positive energy
 o - the ring of Cepa (right hand) {Wiz Will+ Str+2 Int+3}
   (You found it on level 6 of the Dungeon)

   [ring of wizardry]

   Wiz:       It improves your spell success rate.
   Str+2:     It affects your strength (+2).
   Int+3:     It affects your intelligence (+3).
   Will+:     It increases your willpower.
 s - the ring of Tusocen (left hand) {^Drain rC+ rCorr AC+4}
   (You found it on level 3 of the Dungeon)

   [ring of protection]

   AC+4:      It affects your AC (+4).
   rC+:       It protects you from cold.
   rCorr:     It protects you from acid and corrosion.
   ^Drain:    It drains your maximum health when unequipped.
 F - the amulet "Uruel" (around neck) {Regen+ Dex+2}
   (You found it on level 5 of the Lair of Beasts)

   [amulet of regeneration]

   Dex+2:     It affects your dexterity (+2).
   Regen+:    It increases your rate of health regeneration.
 O - a +4 ring of protection
 T - a ring of wizardry
 U - a ring of see invisible
 Z - a ring of protection from cold
Wands
 b - a wand of mindburst (10)
 r - a wand of flame (74)
 t - a wand of polymorph (19)
 w - a wand of roots (68)
 y - a wand of paralysis (37)
 K - a wand of quicksilver (6)
 W - a wand of digging (10)
Scrolls
 c - a scroll of butterflies
 e - 6 scrolls of identify
 f - 8 scrolls of poison
 g - 12 scrolls of immolation
 h - 3 scrolls of enchant armour
 i - 25 scrolls of teleportation
 j - 2 scrolls of torment
 l - 4 scrolls of vulnerability
 v - 13 scrolls of revelation
 A - 4 scrolls of blinking
 D - 2 scrolls of fear
 G - 2 scrolls of fog
 N - a scroll of silence
 X - a scroll of enchant weapon
Potions
 d - 11 potions of curing
 k - 3 potions of cancellation
 m - 4 potions of magic
 p - 9 potions of ambrosia
 q - 2 potions of mutation {unknown}
 u - 3 potions of berserk rage {unknown}
 x - 9 potions of heal wounds
 z - 3 potions of might
 B - 6 potions of attraction {unknown}
 C - 3 potions of resistance
 H - 2 potions of enlightenment
 I - a potion of lignification
 L - 4 potions of invisibility
 P - 3 potions of haste


   Skills:
 + Level 12.9 Fighting
 * Level 13.9 Long Blades
 + Level 14.5 Armour
 + Level 13.8 Dodging
 + Level 10.4 Shields
 * Level 14.3 Spellcasting
 * Level 13.5 Conjurations
 * Level 13.5 Hexes
 * Level 13.6 Summonings
 * Level 13.5 Necromancy
 * Level 13.5 Translocations
 * Level 13.5 Fire Magic
 * Level 13.5 Ice Magic
 * Level 13.5 Air Magic
 * Level 13.5 Earth Magic
 * Level 13.5 Alchemy
 - Level 10.9 Evocations
 + Level 8.0 Shapeshifting


You knew the following spells:

 Your Spells              Type           Power      Damage    Failure   Level
a - Sting                 Conj/Alch      100%       1d9       1%          1
b - Mercury Vapours       Alch/Air       100%       N/A       1%          2
c - Stone Arrow           Conj/Erth      100%       3d13      1%          3
d - Tukima's Dance        Hex            88%        N/A       1%          3
e - Iskenderun's Battles  Conj           88%        2d14      3%          5
f - Yara's Violent Unrav  Hex/Alch       44%        3d17      3%          5
g - Bombard               Conj/Erth      44%        9d7       12%         6
h - Summon Cactus Giant   Summ           44%        N/A       12%         6
i - Haunt                 Necr/Summ      44%        N/A       45%         7
Your spell library was empty.

Dungeon Overview and Level Annotations

Branches:
Dungeon (15/15)            Temple (0/1) D:6            Lair (5/5) D:9
 Shoals (0/4) Lair:3       Spider (4/4) Lair:3        Slime (0/5) Lair:5
    Orc (2/2) D:9             Elf (3/3) Orc:2        Vaults (1/5) D:13
 Depths (0/4) D:15

Altars:
Ashenzari
Hepliaklqana
Ru
Trog
Xom
Zin
The Shining One
Beogh
Jiyva

Shops:
D:4 ?   D:8 [=(   D:15 *   Orc:2 !*:[?:*   Elf:1 [::=?=*   Elf:3 *
Vaults:1 ((


Innate Abilities, Weirdness & Mutations

You are immune to sickness and miasma.
You are immune to poison.
Your flesh is very heat resistant. (rF++)
You are vulnerable to cold. (rC-)
You float through the air rather than walking.
You learn spells naturally, not from books.
Your magical power is your life essence.
You have superior vitality. (+4 MHP)
You have a pair of small horns on your head.
You are completely covered in iridescent scales. (AC +6)
You are mostly covered in large bone plates. (SH +6)
You are highly strong-willed. (Will++)
A frigid envelope surrounds you and freezes all who hurt you.
You passively map a small area around you.
You are resistant to electric shocks. (rElec)
Your muscles are strong. (Str +4, Int/Dex -1)
Your spells are harder to cast, but more powerful.


Message History

You are too injured to fight recklessly!
You slice the dire elephant like a ripe choko!!!
The dire elephant is severely wounded.
You block the dire elephant's attack. The dire elephant trunk-slaps you!
* * * LOW HITPOINT WARNING * * *
The dire elephant is very cold.
The dire elephant is severely wounded.
Unknown command.
You hit the dire elephant.
The dire elephant is severely wounded.
You block the ironbound convoker's attack.
The dire elephant tramples you but does no damage.
The dire elephant is very cold.
The dire elephant is severely wounded.
You block the dire elephant's attack.
The ironbound convoker hits you but does no damage.
The ironbound convoker is very cold.
The ironbound convoker is lightly wounded.
The dire elephant tramples you!!
* * * LOW HITPOINT WARNING * * *
You hold your ground!
The dire elephant is very cold.
The dire elephant is almost dead.
The dire elephant trunk-slaps you but does no damage.
The dire elephant is very cold.
The dire elephant is almost dead.
Unknown command.
You slash the dire elephant!
The dire elephant is almost dead.
You block the ironbound convoker's attack.
The dire elephant barely misses you.
The dire elephant trunk-slaps you but does no damage.
The dire elephant is very cold.
The dire elephant is almost dead.
Unknown command.
As you read the scroll of fear, it crumbles to dust.
You assume a fearsome visage.
The dire elephant easily resists.
The ironbound convoker looks frightened!
The deep troll looks frightened!
The dire elephant tramples you!!!
You die...
Xom laughs nastily!

#############################
.........T.†@................
..........pY.................
,
.#####'######....#####)#####
,, *#.....)..##....#......# #
#........##....#......# #
#....Y...##....#......# # ,
#........##....#......# #
#........##....#......# # , ,
#........##....#...^..# #


You could see a dire elephant (strong), a deep troll (fleeing) and an ironbound
convoker (fleeing).

Vanquished Creatures
  A golden dragon (Spider:3)
  Arachne (Spider:2)
  Jorgrun (Elf:2)
  Mlioglotl (Spider:2)
  2 deep elf blademasters (Elf:3)
  Rupert (Lair:5)
  2 deep elf master archers (Elf:3)
  Kirke (D:12)
  The ghost of Ytwo Fev the Gelid, an adept HuIE of Qazlal (D:15)
  7 deep elf sorcerers (Elf:3)
  Louise (Spider:2)
  7 ghost moths
  2 emperor scorpions
  4 deep elf elementalists
  A vault warden (Vaults:1)
  The ghost of yleetSyT the Grappler, a journeyman TrGl of Ru (Lair:1)
  2 broodmothers (Spider:4)
  2 ironbound preservers
  An ironbound thunderhulk (Vaults:1)
  The ghost of Doewont the Warrior, a journeyman GrFi of Gozag (Lair:4)
  4 deep elf annihilators (Elf:3)
  4 deep elf demonologists
  Azrael (D:13)
  5 deep elf death magi
  3 spark wasps (Spider:4)
  2 dire elephants (Vaults:1)
  2 ettins
  A fire dragon (Lair:5)
  Josephine (D:12)
  3 entropy weavers
  2 yaktaur captains (Vaults:1)
  6 hydras
  2 ghost crabs (Spider:2)
  2 deep elf high priests (Elf:3)
  A vault guard (Vaults:1)
  4 radroaches (Spider:4)
  3 centaur warriors
  A jorogumo (Spider:3)
  6 boulder beetles
  2 death knights
  A satyr (shapeshifter) (Lair:2)
  25 dancing weapons
  A deep troll earth mage (D:15)
  2 ironbound frosthearts (Vaults:1)
  7 death yaks
  3 tengu warriors
  4 two-headed ogres
  A hell hog (Lair:5)
  Sonja (D:12)
  6 demonic crawlers
  A fire crab (Lair:4)
  21 deep elf knights
  2 skeletal warriors
  A glowing orange brain (Vaults:1)
  5 pharaoh ants
  10 orb spiders
  A sun moth (Spider:1)
  15 deep elf archers
  A swamp dragon (Lair:5)
  A deep troll (Vaults:1)
  2 harpies (shapeshifter) (D:15)
  An ironbound convoker (Vaults:1)
  3 orc knights
  2 lindwurms
  2 steelbarb worms
  2 orc sorcerers
  5 ugly things
  A phantasmal warrior (D:12)
  12 cyclopes
  27 deep elf pyromancers
  30 deep elf zephyrmancers
  2 thermic dynamos (Elf:2)
  A cyclops (shapeshifter) (Elf:1)
  7 manticores
  12 wolf spiders
  A shining eye (Lair:1)
  A salamander (D:12)
  7 black mambas
  4 moths of wrath
  11 elephants
  A meliai (shapeshifter) (D:9)
  6 torpor snails
  2 kobold blastminers (Orc:2)
  4 molten gargoyles (Elf:1)
  A vault sentinel (Vaults:1)
  2 gargoyles
  An eye of devastation (shapeshifter) (D:15)
  2 rime drakes
  10 cane toads
  5 efreet
  2 unseen horrors
  A rime drake (shapeshifter) (Elf:2)
  Psyche (D:9)
  4 kobold demonologists
  A freezing wraith (D:13)
  12 komodo dragons
  A tengu conjurer (D:13)
  12 polar bears
  5 tyrant leeches (Spider:2)
  A hornet (shapeshifter) (D:13)
  8 trolls
  2 nameless horrors
  A snapping turtle (D:10)
  23 tarantellas
  A hornet (Spider:4)
  A queen bee (shapeshifter) (D:15)
  2 raiju (Lair:5)
  27 blink frogs
  11 dream sheep
  24 jumping spiders
  4 shadows
  2 water elementals
  18 culicivoras
  4 slime creatures
  A centaur simulacrum (D:15)
  7 wraiths
  5 wyverns
  63 yaks
  A basilisk (Lair:5)
  A fire bat (Elf:1)
  A human (shapeshifter) (D:15)
  9 wargs
  4 steam dragons
  50 redbacks
  A redback (shapeshifter) (D:15)
  7 fire elementals
  2 hogs (D:12)
  25 vampire mosquitoes
  A naga (D:7)
  8 acid dragons
  14 hell hounds
  Duvessa (D:6)
  4 swamp drakes
  14 water moccasins
  28 orc warriors
  2 sky beasts (D:7)
  4 ice beasts
  12 black bears (Lair:5)
  20 centaurs
  30 wolves
  2 ogres
  A tengu (shapeshifter) (Lair:5)
  2 kobold brigands
  13 bullfrogs
  A gnoll sergeant (D:8)
  2 scorpions (D:4)
  An earth elemental (Elf:3)
  Dowan (D:6)
  8 wights
  12 killer bees
  7 electric eels
  4 howler monkeys
  A bombardier beetle (D:5)
  4 hounds
  3 orc priests
  5 jellies
  A gnoll bouda (D:7)
  Jessica (D:3)
  2 sleepcaps (D:6)
  Natasha (D:1)
  9 iguanas
  20 orc wizards
  7 hell rats (Lair:4)
  A boggart simulacrum (D:15)
  8 gnolls
  6 adders
  3 river rats
  2 shadow imps (D:8)
  A white imp (D:7)
  6 ufetubi (D:6)
  A ribbon worm (D:2)
  A dart slug (D:3)
  54 orcs
  6 ball pythons
  6 bats
  7 endoplasms
  14 giant cockroaches
  9 hobgoblins
  4 jackals (D:1)
  7 quokkas
  3 frilled lizards
  5 goblins
  11 kobolds
  A rat (D:3)
1118 creatures vanquished.

Vanquished Creatures (collateral kills)
  An emperor scorpion (Spider:4)
  An entropy weaver (Spider:2)
  A centaur warrior (D:13)
  A dancing weapon (Elf:3)
  2 death yaks (Lair:5)
  2 deep elf knights
  A deep elf archer (Elf:3)
  A sun moth (Spider:4)
  2 thermic dynamos (Elf:2)
  5 deep elf zephyrmancers
  7 deep elf pyromancers
  A wolf spider (Spider:4)
  3 ugly things (D:15)
  A moth of wrath (Spider:1)
  An elephant (Lair:5)
  Jeremiah (D:7)
  A kobold demonologist (D:13)
  A blink frog (Lair:3)
  2 culicivoras (Spider:4)
  A yak (shapeshifter) (D:13)
  3 fire bats (Elf:1)
  A redback (Spider:2)
  An orc warrior (Orc:1)
  2 centaurs (D:13)
  An earth elemental (Elf:2)
  A lava snake (Elf:1)
  An orc priest (D:15)
  An orc (D:9)
  A kobold (D:13)
  2 rats (D:1)
50 creatures vanquished.

Vanquished Creatures (others)
  Frances (Spider:2)
  A ghost moth (Spider:2)
  3 dancing weapons
  A deep elf knight (Elf:2)
  An orb spider (Spider:3)
  A deep elf archer (Elf:2)
  A deep elf pyromancer (Elf:1)
  2 deep elf zephyrmancers
  A manticore (D:12)
  2 elephants (Lair:2)
  A nameless horror (Spider:3)
  A komodo dragon (D:12)
  A tarantella (Spider:2)
  A jumping spider (Spider:4)
  An air elemental (Elf:2)
  A yak (Lair:2)
  2 redbacks (Spider:2)
  A bullfrog (D:7)
  3 wights (D:8)
  3 orcs
29 creatures vanquished.

Grand Total: 1197 creatures vanquished

Notes
Turn   | Place    | Note
-------+----------+-------------------------------------------
     0 | D:1      | Xavori the Djinni Chaos Knight began the quest for the Orb.
     0 | D:1      | Reached XP level 1. HP: 20/20 MP: 0/0
   125 | D:1      | Reached XP level 2. HP: 24/25 MP: 0/0
   133 | D:1      | XOM: potion effect (might)
   139 | D:1      | XOM: silly message
   278 | D:1      | XOM: divination: detect creatures
   280 | D:1      | XOM: divination: magic mapping
   334 | D:1      | XOM: divination: detect creatures
   412 | D:1      | Reached XP level 3. HP: 9/30 MP: 0/0
   412 | D:1      | Learned a level 1 spell: Sting
   838 | D:1      | XOM: silly message
   940 | D:1      | Reached skill level 1 in Spellcasting
   940 | D:1      | Reached skill level 1 in Conjurations
   940 | D:1      | Reached skill level 1 in Hexes
   940 | D:1      | Reached skill level 1 in Summonings
   940 | D:1      | Reached skill level 1 in Necromancy
   940 | D:1      | Reached skill level 1 in Translocations
   940 | D:1      | Reached skill level 1 in Fire Magic
   940 | D:1      | Reached skill level 1 in Ice Magic
   940 | D:1      | Reached skill level 1 in Air Magic
   940 | D:1      | Reached skill level 1 in Earth Magic
   940 | D:1      | Reached skill level 1 in Alchemy
  1114 | D:1      | XOM: divination: detect creatures
  1919 | D:1      | XOM: divination: detect creatures
  2439 | D:1      | XOM: divination: detect items
  3012 | D:1      | XOM: cloud trail
  4098 | D:1      | XOM: divination: detect creatures
  4853 | D:1      | XOM: silly message
  4941 | D:1      | XOM: scenery: create altars
  5504 | D:1      | XOM: give mutations
  5828 | D:1      | XOM: give mutation
  5828 | D:1      | Gained mutation: You are partially covered in large bone
                  | plates. (SH +4) [Xom's grace]
  6107 | D:1      | XOM: give mutation
  6107 | D:1      | Gained mutation: You are mostly covered in large bone
                  | plates. (SH +6) [Xom's grace]
  7013 | D:2      | Noticed Natasha
  7130 | D:2      | XOM: god gift: staff of earth
  7137 | D:1      | Killed Natasha
  7138 | D:1      | Reached XP level 4. HP: 9/35 MP: 0/0
  7210 | D:1      | XOM: give mutation
  7210 | D:1      | Gained mutation: You possess an exceptional clarity of
                  | mind. [Xom's grace]
  7251 | D:2      | Found a broken altar of Ashenzari.
  7251 | D:2      | XOM: 5-stop teleportation journey
  7350 | D:2      | XOM: god gift: book of Winter
  7811 | D:2      | XOM: god gift: rapier {god gift}
  7844 | D:3      | XOM: scenery: summon butterflies
  7845 | D:3      | XOM: smoke on damage
  7862 | D:2      | Reached XP level 5. HP: 21/40 MP: 0/0
  7862 | D:2      | Learned a level 2 spell: Mercury Vapours
  8331 | D:3      | Noticed Jessica
  8337 | D:3      | Killed Jessica
  8349 | D:3      | Reached XP level 6. HP: 34/46 MP: 0/0
  8389 | D:3      | Identified the ring of Tusocen {^Drain rC+ rCorr AC+4}
  8440 | D:3      | XOM: divination: detect items
  8446 | D:3      | XOM: give mutations
  8446 | D:3      | Gained mutation: Your flesh is almost immune to the effects
                  | of heat. (rF+++) [Xom's grace]
  8446 | D:3      | Gained mutation: You are robust. (+10% HP) [Xom's grace]
  8723 | D:4      | Found Tissut's Magic Scroll Emporium.
  8730 | D:4      | Bought a scroll of teleportation for 33 gold pieces
  8730 | D:4      | Bought a scroll of teleportation for 33 gold pieces
  8730 | D:4      | Bought a scroll of identify for 22 gold pieces
  8730 | D:4      | Bought a scroll of identify for 22 gold pieces
  8845 | D:4      | Identified the +0 whip of Instant Death {drain, Int+3 Dex+3
                  | Stlth+}
  8906 | D:4      | XOM: confuse monster(s)
  8918 | D:4      | Reached XP level 7. HP: 54/57 MP: 0/0
  8918 | D:4      | Learned a level 3 spell: Stone Arrow
  9042 | D:4      | XOM: cloud trail
  9406 | D:4      | XOM: silly message
  9418 | D:5      | Entered Level 5 of the Dungeon
  9457 | D:5      | XOM: cloud trail
  9497 | D:5      | XOM: confuse monster(s)
  9794 | D:5      | XOM: silly message
  9804 | D:5      | XOM: enchant monster (bad)
  9923 | D:5      | XOM: noise
  9931 | D:5      | Reached XP level 8. HP: 60/63 MP: 0/0
 10244 | D:5      | XOM: potion effect (might)
 10327 | D:5      | Found a hazy altar of Hepliaklqana.
 10451 | D:6      | XOM: cloud trail
 10479 | D:6      | Noticed Duvessa
 10481 | D:6      | Found a staircase to the Ecumenical Temple.
 10482 | D:6      | Noticed Dowan
 10489 | D:6      | XOM: silly message
 10494 | D:6      | Killed Dowan
 10501 | D:6      | Killed Duvessa
 10577 | D:6      | XOM: scenery: summon butterflies
 10661 | D:6      | XOM: summons 1 hostile demon
 10833 | D:6      | Identified the ring of Cepa {Wiz Will+ Str+2 Int+3}
 10884 | D:6      | Found a bloodstained altar of Trog.
 10912 | D:6      | Reached skill level 5 in Fighting
 11376 | D:6      | Reached skill level 5 in Dodging
 11476 | D:6      | Reached XP level 9. HP: 71/71 MP: 0/0
 11476 | D:6      | Learned a level 3 spell: Tukima's Dance
 11502 | D:6      | XOM: give mutations
 11502 | D:6      | Gained mutation: You have supernaturally acute eyesight.
                  | (SInv) [Xom's mischief]
 11502 | D:6      | Gained mutation: You are dopey. (Int -2) [Xom's mischief]
 11502 | D:6      | Gained mutation: Your natural rate of healing is unusually
                  | fast. [Xom's mischief]
 11623 | D:7      | XOM: noise
 11630 | D:7      | XOM: divination: detect creatures
 11632 | D:7      | XOM: destruction
 11639 | D:7      | XOM: fog
 11674 | D:7      | Reached skill level 5 in Spellcasting
 11674 | D:7      | Reached skill level 5 in Conjurations
 11674 | D:7      | Reached skill level 5 in Hexes
 11674 | D:7      | Reached skill level 5 in Summonings
 11674 | D:7      | Reached skill level 5 in Necromancy
 11674 | D:7      | Reached skill level 5 in Translocations
 11674 | D:7      | Reached skill level 5 in Fire Magic
 11674 | D:7      | Reached skill level 5 in Ice Magic
 11674 | D:7      | Reached skill level 5 in Air Magic
 11674 | D:7      | Reached skill level 5 in Earth Magic
 11674 | D:7      | Reached skill level 5 in Alchemy
 11783 | D:7      | Found a sacrificial altar of Ru.
 11858 | D:7      | XOM: snakes to sticks
 11959 | D:7      | XOM: 4-stop teleportation journey
 12028 | D:7      | Reached skill level 5 in Long Blades
 12176 | D:7      | Reached skill level 1 in Evocations
 12336 | D:7      | XOM: give mutation
 12336 | D:7      | Gained mutation: You heal very quickly. [Xom's grace]
 12475 | D:7      | Noticed Jeremiah
 12488 | D:7      | Killed Jeremiah
 12840 | D:8      | XOM: destruction
 12849 | D:8      | XOM: divine lightning
 12882 | D:8      | Reached skill level 5 in Armour
 12962 | D:8      | XOM: give mutation
 12962 | D:8      | Gained mutation: Your muscles are strong. (Str +4, Int/Dex
                  | -1) [Xom's grace]
 13007 | D:8      | XOM: cloud trail
 13153 | D:8      | Identified the +8 chain mail of Insurance {rC+ Int+4}
 13169 | D:8      | XOM: scenery: summon butterflies
 13183 | D:8      | Reached XP level 10. HP: 79/79 MP: 0/0
 13320 | D:8      | Found a glowing golden altar of the Shining One.
 13330 | D:8      | Found Tingecat's Jewellery Boutique.
 13558 | D:8      | Found Bugib's Antique Weapon Shoppe.
 13562 | D:8      | Bought a runed scimitar for 154 gold pieces
 13611 | D:8      | XOM: god gift: scroll of teleportation
 13666 | D:8      | Found Gecsy's Armour Shop.
 13732 | D:9      | Found a staircase to the Lair.
 13733 | D:9      | Noticed a komodo dragon
 13733 | D:9      | Noticed a death yak
 13734 | D:9      | Noticed a komodo dragon
 13742 | D:9      | XOM: confuse monster(s)
 13767 | D:8      | Killed a death yak
 13799 | D:8      | Killed a komodo dragon
 13813 | D:8      | Killed a komodo dragon
 13816 | D:8      | XOM: potion effect (berserk rage)
 13823 | D:8      | Reached skill level 5 in Evocations
 13849 | D:8      | Reached XP level 11. HP: 85/85 MP: 0/0
 13849 | D:8      | Learned a level 5 spell: Iskenderun's Battlesphere
 13930 | D:9      | XOM: summons 11 friendly demons
 13963 | D:9      | XOM: 2-stop teleportation journey
 14029 | D:9      | Noticed a manticore
 14030 | D:9      | XOM: cleaving
 14045 | D:9      | Killed a manticore
 14059 | D:9      | Found a staircase to the Orcish Mines.
 14101 | D:9      | Found a glowing silver altar of Zin.
 14102 | D:9      | Noticed a meliai
 14104 | D:9      | XOM: divination: detect items
 14111 | D:9      | Killed a meliai
 14384 | D:9      | XOM: confuse monster(s)
 14385 | D:9      | XOM: 1-stop teleportation journey
 14414 | D:9      | Noticed Psyche
 14435 | D:9      | XOM: give mutations
 14435 | D:9      | Lost mutation: You are dopey. (Int -2) [Xom's mischief]
 14435 | D:9      | Gained mutation: You have a beak for a mouth. [Xom's
                  | mischief]
 14435 | D:9      | Gained mutation: You are dopey. (Int -2) [Xom's mischief]
 14436 | D:9      | Killed Psyche
 14627 | D:9      | XOM: noise
 14629 | D:9      | XOM: blink monster(s)
 14642 | D:9      | XOM: enchant monster (bad)
 14706 | D:10     | Entered Level 10 of the Dungeon
 14707 | D:10     | XOM: divination: magic mapping
 14925 | D:10     | XOM: swap monsters
 14932 | D:10     | XOM: 1-stop teleportation journey
 14933 | D:10     | XOM: blink monster(s)
 14943 | D:10     | XOM: polymorph yak -> black mamba
 14946 | D:10     | XOM: noise
 14952 | D:10     | XOM: polymorph black mamba -> snapping turtle
 14965 | D:10     | XOM: swap monsters
 14984 | D:10     | XOM: polymorph yak -> warg
 15034 | D:9      | XOM: cast spell 'Cause Fear'
 15073 | D:10     | XOM: 4-stop teleportation journey
 15132 | D:10     | XOM: 2-stop teleportation journey
 15141 | D:10     | XOM: cloud trail
 15150 | D:10     | XOM: cast spell 'Summon Small Mammal'
 15154 | D:10     | XOM: divination: magic mapping
 15158 | D:10     | XOM: potion effect (might)
 15184 | D:10     | XOM: silly message
 15324 | D:10     | Reached XP level 12. HP: 93/93 MP: 0/0
 15513 | D:10     | XOM: noise
 15749 | D:11     | XOM: cast spell 'Summon Ice Beast'
 16034 | D:11     | XOM: potion effect (haste)
 16065 | D:11     | XOM: silly message
 16075 | D:11     | XOM: potion effect (brilliance)
 16115 | D:11     | XOM: cast spell 'Animate Armour'
 16140 | D:11     | Noticed a tengu warrior
 16165 | D:11     | Killed a tengu warrior
 16528 | D:11     | XOM: torment (47/93 hp)
 16530 | D:11     | XOM: confuse monster(s)
 16735 | Lair:1   | Entered Level 1 of the Lair of Beasts
 16773 | Lair:1   | XOM: god gift: scroll of immolation
 16826 | Lair:1   | Reached skill level 1 in Shields
 16890 | Lair:1   | Identified the +2 leather armour "Coygg" {rF+ Str+2 Slay+6}
 16906 | Lair:1   | XOM: destruction
 16935 | Lair:1   | XOM: 8-stop teleportation journey
 16961 | Lair:1   | XOM: scenery: 2 doors open
 16980 | Lair:1   | XOM: fog
 16997 | Lair:1   | XOM: cleaving
 17101 | Lair:1   | Noticed a death yak
 17116 | Lair:1   | Noticed a death yak
 17117 | Lair:1   | Noticed a death yak
 17117 | Lair:1   | Noticed a death yak
 17126 | Lair:1   | XOM: snakes to sticks
 17131 | Lair:1   | a death yak changed into a shining eye
 17131 | Lair:1   | XOM: polymorph death yak -> shining eye
 17163 | Lair:1   | XOM: god gift: scroll of teleportation
 17176 | Lair:1   | XOM: enchant monster (bad)
 17178 | Lair:1   | XOM: god gift: scroll of immolation
 17190 | D:9      | Killed a death yak
 17204 | D:9      | Killed a death yak
 17269 | D:9      | Killed a death yak
 17270 | D:9      | Reached XP level 13. HP: 67/101 MP: 0/0
 17270 | D:9      | Learned a level 5 spell: Yara's Violent Unravelling
 17329 | Lair:1   | XOM: 2-stop teleportation journey
 17451 | Lair:1   | XOM: give mutations
 17451 | Lair:1   | Gained mutation: Your muscles are very strong. (Str +8,
                  | Int/Dex -2) [Xom's grace]
 17451 | Lair:1   | Gained mutation: Your spells are a little harder to cast,
                  | but a little more powerful. [Xom's grace]
 17451 | Lair:1   | Gained mutation: You are partially covered in iridescent
                  | scales. (AC +2) [Xom's grace]
 17520 | Lair:1   | XOM: 1-stop teleportation journey
 17705 | Lair:2   | Noticed a six-headed hydra
 17705 | Lair:2   | Noticed an eight-headed hydra
 17712 | Lair:1   | Killed an eight-headed hydra
 17740 | Lair:1   | Killed a six-headed hydra
 17749 | Lair:1   | XOM: scenery: create altars
 17783 | Lair:2   | XOM: summons friendly white imp
 17800 | Lair:2   | XOM: cleaving
 17827 | Lair:2   | Found a runed translucent gate.
 17828 | Lair:2   | Found a runed translucent gate.
 17829 | Lair:2   | Found a runed translucent gate.
 17829 | Lair:2   | Noticed a 13-headed hydra
 17829 | Lair:2   | Noticed yleetSyT's ghost (journeyman TrGl)
 17892 | Lair:2   | XOM: fog
 17907 | Lair:2   | XOM: confuse monster(s)
 17980 | Lair:2   | XOM: cleaving
 17982 | Lair:2   | XOM: fog
 18000 | Lair:2   | XOM: divine lightning
 18004 | Lair:2   | XOM: destruction
 18010 | Lair:2   | XOM: scenery: create altars
 18017 | Lair:2   | XOM: snakes to sticks
 18019 | Lair:2   | XOM: destruction
 18194 | Lair:2   | XOM: cleaving
 18197 | Lair:2   | XOM: scenery: create altars
 18213 | Lair:2   | XOM: confuse monster(s)
 18215 | Lair:2   | Reached skill level 10 in Armour
 18376 | Lair:2   | XOM: scenery: create altars
 18676 | Lair:1   | XOM: fake destruction
 18683 | Lair:1   | Killed yleetSyT's ghost
 18810 | Lair:2   | a 13-headed hydra changed into a shapeshifter
 18810 | Lair:2   | XOM: polymorph 13-headed hydra -> shapeshifter
 18810 | Lair:2   | a shapeshifter changed into a five-headed hydra
 18810 | Lair:2   | Noticed a five-headed hydra (shapeshifter)
 18816 | Lair:2   | a five-headed hydra changed into a satyr
 18818 | Lair:2   | XOM: give mutations
 18818 | Lair:2   | Gained mutation: Your spells are harder to cast, but more
                  | powerful. [Xom's grace]
 18818 | Lair:2   | Gained mutation: Your skin changes colour to match your
                  | surroundings (Stealth+). [Xom's grace]
 18818 | Lair:2   | Gained mutation: You are strong-willed. (Will+) [Xom's
                  | grace]
 18856 | Lair:2   | Upgraded the game from 0.32-a0-747-gc8563f6773 to
                  | 0.32-a0-768-g0f6f1dd4b9
 18899 | Lair:3   | XOM: stealth player
 18913 | Lair:3   | Found a staircase to the Shoals.
 18978 | Lair:3   | Noticed an eight-headed hydra
 18983 | Lair:3   | Killed a nine-headed hydra
 19029 | Lair:3   | XOM: scenery: create altars
 19238 | Lair:3   | XOM: divination: magic mapping
 19249 | Lair:3   | XOM: confuse monster(s)
 19250 | Lair:3   | Found a hole to the Spider Nest.
 19326 | Lair:3   | XOM: cleaving
 19329 | Lair:3   | XOM: summons 2 friendly demons
 19335 | Lair:3   | Reached XP level 14. HP: 87/108 MP: 0/0
 19621 | Lair:3   | XOM: divination: magic mapping
 19643 | Lair:3   | XOM: enchant monster (good)
 19858 | Lair:4   | XOM: potion effect (might)
 19920 | Lair:4   | Reached skill level 10 in Evocations
 20110 | Lair:4   | XOM: blink monster(s)
 20115 | Lair:4   | Reached skill level 1 in Shapeshifting
 20130 | Lair:4   | XOM: fog
 20167 | Lair:4   | XOM: scenery: create altars
 20178 | Lair:4   | XOM: cleaving
 20269 | Lair:4   | Found a runed translucent door.
 20270 | Lair:4   | Noticed Doewont's ghost (journeyman GrFi)
 20516 | Lair:4   | XOM: cloud trail
 20678 | Lair:4   | Killed Doewont's ghost
 20680 | Lair:4   | Identified the ring "Ynkacw" {rElec rF++ AC+4 Str-4 Dex+2}
 20705 | Lair:5   | Entered Level 5 of the Lair of Beasts
 20794 | Lair:5   | XOM: noise
 20844 | Lair:5   | XOM: polymorph yak -> bullfrog
 20856 | Lair:5   | XOM: cleaving
 20903 | Lair:5   | XOM: 2-stop teleportation journey
 20926 | Lair:5   | XOM: cleaving
 20935 | Lair:5   | Reached skill level 5 in Shields
 20936 | Lair:5   | XOM: confuse monster(s)
 20944 | Lair:5   | Noticed Rupert
 20959 | Lair:5   | Killed Rupert
 20966 | Lair:5   | XOM: cleaving
 21001 | Lair:5   | XOM: fog
 21033 | Lair:5   | Reached XP level 15. HP: 115/115 MP: 0/0
 21033 | Lair:5   | Learned a level 6 spell: Bombard
 21113 | Lair:5   | XOM: divination: detect creatures
 21163 | Lair:5   | Reached skill level 10 in Dodging
 21269 | Lair:5   | XOM: fake destruction
 21481 | Lair:5   | XOM: summons 15 friendly demons
 21487 | Lair:5   | XOM: fog
 21570 | Lair:5   | Found a viscous altar of Jiyva.
 21572 | Lair:5   | Found a staircase to the Slime Pits.
 21730 | Lair:5   | XOM: god gift: Xom's Parchment of the Battered Tales {god
                  | gift}
 21758 | Lair:5   | XOM: cast spell 'Summon Cactus Giant'
 21905 | Lair:5   | XOM: summons 5 friendly demons
 21911 | Lair:5   | XOM: smoke on damage
 21922 | Lair:5   | XOM: silly message
 21968 | Lair:5   | XOM: silly message
 21972 | Lair:5   | Identified the amulet "Uruel" {Regen+ Dex+2}
 22020 | Lair:5   | Identified the +0 scale mail of the Blizzard {rElec SInv
                  | Stlth+}
 22085 | Lair:5   | XOM: polymorph wolf -> glowing shapeshifter
 22272 | Orc:1    | Entered Level 1 of the Orcish Mines
 22272 | Orc:1    | Found a roughly hewn altar of Beogh.
 22469 | Orc:2    | Entered Level 2 of the Orcish Mines
 22477 | Orc:2    | XOM: enchant monster (bad)
 22613 | Orc:2    | Found Xueh's CLEARANCE SALE!.
 22617 | Orc:2    | Bought a scroll of brand weapon for 57 gold pieces
 22627 | Orc:2    | Found a staircase to the Elven Halls.
 22662 | Orc:2    | XOM: cleaving
 22677 | Orc:2    | XOM: give mutations
 22677 | Orc:2    | Lost mutation: Your spells are harder to cast, but more
                  | powerful. [Xom's mischief]
 22677 | Orc:2    | Lost mutation: You heal very quickly. [Xom's mischief]
 22678 | Orc:2    | XOM: swap monsters
 22689 | Orc:2    | XOM: enchant monster (good)
 22694 | Orc:2    | XOM: noise
 22715 | Orc:2    | Found Binnir's Antique Weapon Boutique.
 22774 | Orc:2    | Found Ywumm's Distillery.
 22787 | Orc:2    | XOM: polymorph orc warrior -> hound
 22796 | Orc:2    | Bought a potion of lignification for 51 gold pieces
 22797 | Orc:2    | Bought a potion of invisibility for 136 gold pieces
 22797 | Orc:2    | Bought a potion of curing for 51 gold pieces
 22797 | Orc:2    | Bought a potion of curing for 51 gold pieces
 22797 | Orc:2    | Bought a potion of curing for 51 gold pieces
 22805 | Orc:2    | XOM: draining
 22816 | Orc:2    | XOM: enchant monster (bad)
 22824 | Orc:2    | XOM: cleaving
 22961 | Orc:2    | Found Gecoil's General Store.
 22969 | Orc:2    | Bought a scroll of teleportation for 33 gold pieces
 23022 | Orc:2    | Found Etil's Magic Scroll Shoppe.
 23022 | Orc:2    | Found Wapriolo's Armour Shop.
 23022 | Orc:2    | Found Yma Xosk's Book Boutique.
 23025 | Orc:2    | Found Ybrebi's Book Emporium.
 23029 | Orc:2    | Bought a scroll of teleportation for 30 gold pieces
 23029 | Orc:2    | Bought a scroll of fear for 40 gold pieces
 23167 | Orc:2    | XOM: give mutations
 23167 | Orc:2    | Gained mutation: You are resistant to electric shocks.
                  | (rElec) [Xom's grace]
 23167 | Orc:2    | Gained mutation: You passively map a small area around you.
                  | [Xom's grace]
 23358 | D:12     | Noticed Sonja
 23377 | D:12     | Killed Sonja
 23378 | D:12     | Reached skill level 10 in Fighting
 23381 | D:12     | XOM: give mutations
 23381 | D:12     | Gained mutation: A frigid envelope surrounds you and
                  | freezes all who hurt you. [Xom's grace]
 23381 | D:12     | Lost mutation: You are dopey. (Int -2) [Xom's grace]
 23381 | D:12     | Gained mutation: You are mostly covered in iridescent
                  | scales. (AC +4) [Xom's grace]
 23381 | D:12     | Gained mutation: You have hidden genetic potential. [Xom's
                  | grace]
 23395 | D:12     | XOM: potion effect (might)
 23431 | D:12     | XOM: silly message
 23472 | D:12     | XOM: torment (60/117 hp)
 23476 | D:12     | XOM: blink monster(s)
 23481 | D:12     | XOM: summons 8 hostile demons
 23484 | D:12     | XOM: blink monster(s)
 23486 | D:12     | Gained mutation: Armour fits poorly on your strangely
                  | shaped body. [a neqoxec]
 23491 | D:12     | XOM: polymorph white imp -> crimson imp
 23559 | D:12     | XOM: noise
 23572 | D:12     | Reached skill level 10 in Spellcasting
 23572 | D:12     | Reached skill level 10 in Conjurations
 23572 | D:12     | Reached skill level 10 in Hexes
 23572 | D:12     | Reached skill level 10 in Summonings
 23572 | D:12     | Reached skill level 10 in Necromancy
 23572 | D:12     | Reached skill level 10 in Translocations
 23572 | D:12     | Reached skill level 10 in Fire Magic
 23572 | D:12     | Reached skill level 10 in Ice Magic
 23572 | D:12     | Reached skill level 10 in Air Magic
 23572 | D:12     | Reached skill level 10 in Earth Magic
 23572 | D:12     | Reached skill level 10 in Alchemy
 23572 | D:12     | Reached XP level 16. HP: 124/124 MP: 0/0
 23670 | D:12     | Noticed Josephine
 23670 | D:12     | XOM: 3-stop teleportation journey
 23676 | D:12     | XOM: swap monsters
 23680 | D:12     | XOM: enchant monster (bad)
 23685 | D:12     | XOM: butterfly on damage
 23691 | D:12     | Killed Josephine
 23761 | D:12     | Identified the +7 quarterstaff of Ymiosk {antimagic, rCorr
                  | Dex+3}
 23815 | D:12     | XOM: blink monster(s)
 23863 | D:12     | Identified the +12 spear of Harmony {freeze, rElec rF+
                  | Str+3}
 23871 | D:12     | XOM: chaos upgrade
 23873 | D:12     | XOM: 1-stop teleportation journey
 23980 | D:12     | Noticed Kirke
 23982 | D:12     | XOM: noise
 23983 | D:12     | XOM: polymorph Kirke -> Kirke
 23987 | D:12     | XOM: silly message
 23992 | D:12     | Killed Kirke
 24024 | D:12     | XOM: 1-stop teleportation journey
 24125 | D:12     | XOM: polymorph boulder beetle -> salamander
 24133 | D:12     | XOM: fog
 24173 | D:12     | XOM: confuse monster(s)
 24208 | D:12     | XOM: divination: magic mapping
 24341 | D:13     | Noticed Azrael
 24356 | D:13     | Killed Azrael
 24478 | D:13     | XOM: divination: magic mapping
 24507 | D:13     | XOM: smoke on damage
 24516 | D:13     | XOM: noise
 24609 | D:13     | XOM: potion effect (brilliance)
 24744 | D:13     | XOM: god gift: scale mail {god gift}
 24755 | D:13     | Found a gate to the Vaults.
 24782 | D:13     | XOM: confuse monster(s)
 24792 | D:13     | Gained mutation: Your spells are harder to cast, but more
                  | powerful. [hidden potential]
 24840 | D:13     | XOM: noise
 24956 | D:13     | XOM: cloud trail
 25139 | D:14     | XOM: 1-stop teleportation journey
 25624 | D:14     | XOM: blink monster(s)
 25659 | D:14     | XOM: summons 2 friendly demons
 25693 | D:14     | XOM: give mutations
 25693 | D:14     | Lost mutation: Your skin changes colour to match your
                  | surroundings (Stealth+). [Xom's mischief]
 25693 | D:14     | Lost mutation: You have hidden genetic potential. [Xom's
                  | mischief]
 25828 | D:15     | Entered Level 15 of the Dungeon
 25949 | D:15     | Reached skill level 5 in Shapeshifting
 26042 | D:15     | Reached skill level 10 in Long Blades
 26167 | D:15     | XOM: divination: detect creatures
 26206 | D:15     | Reached XP level 17. HP: 64/133 MP: 0/0
 26206 | D:15     | Learned a level 6 spell: Summon Cactus Giant
 26300 | D:15     | Identified the +10 hand axe of the Ass {drain, rF+ rC+
                  | Int+7}
 26341 | D:15     | XOM: summons 3 hostile shadow creatures
 26347 | D:15     | Found Situptit's General Store.
 26348 | D:15     | XOM: polymorph deep troll earth mage -> deep troll earth
                  | mage
 26415 | D:15     | Found a runed translucent door.
 26416 | D:15     | Noticed Ytwo Fev's ghost (adept HuIE)
 26657 | D:15     | Found a staircase to the Depths.
 26727 | D:15     | XOM: torment (65/133 hp)
 26748 | D:15     | XOM: give mutations
 26748 | D:15     | Lost mutation: Armour fits poorly on your strangely shaped
                  | body. [Xom's mischief]
 26748 | D:15     | Lost mutation: Your flesh is almost immune to the effects
                  | of heat. (rF+++) [Xom's mischief]
 26862 | D:15     | XOM: give mutations
 26862 | D:15     | Lost mutation: You are strong-willed. (Will+) [Xom's
                  | mischief]
 26862 | D:15     | Lost mutation: You have a beak for a mouth. [Xom's
                  | mischief]
 26862 | D:15     | Lost mutation: You are robust. (+10% HP) [Xom's mischief]
 26922 | D:15     | Killed Ytwo Fev's ghost
 27077 | D:9      | XOM: summons 2 hostile demons
 27150 | Spider:1 | Entered Level 1 of the Spider Nest
 27154 | Spider:1 | XOM: stat loss: -1 Str (20/21)
 27254 | Spider:1 | XOM: summons 4 hostile shadow creatures
 27259 | Spider:1 | XOM: blink monster(s)
 27287 | Spider:1 | XOM: enchant monster (bad)
 27644 | Spider:1 | XOM: god gift: 65 gold pieces
 27674 | Spider:2 | XOM: destruction
 27680 | Spider:2 | Noticed Arachne
 27726 | Spider:2 | XOM: enchant monster (good)
 27749 | Spider:2 | Killed Arachne
 27769 | Spider:2 | XOM: cast spell 'Summon Small Mammal'
 27775 | Spider:2 | XOM: confuse monster(s)
 27783 | Spider:2 | XOM: divination: detect creatures
 27805 | Spider:2 | Noticed Mlioglotl
 27812 | Spider:2 | Killed Mlioglotl
 27890 | Spider:2 | Noticed Frances
 27900 | Spider:2 | XOM: chaos cloud
 27921 | Spider:2 | XOM: polymorph entropy weaver -> swamp drake
 27940 | Spider:2 | Killed Frances
 28131 | Spider:2 | XOM: 2-stop teleportation journey
 28152 | Spider:2 | XOM: noise
 28203 | Spider:2 | XOM: silly message
 28255 | Spider:2 | XOM: enchant monster (bad)
 28272 | Spider:2 | XOM: divination: detect items
 28276 | Spider:2 | XOM: swap monsters
 28344 | Spider:2 | Noticed Louise
 28363 | Spider:2 | XOM: smoke on damage
 28370 | Spider:2 | Killed Louise
 28466 | Spider:2 | XOM: summons friendly iron imp
 28492 | Spider:2 | XOM: smoke on damage
 28497 | Spider:2 | XOM: potion effect (attraction)
 28502 | Spider:2 | XOM: enchant monster (good)
 28509 | Spider:2 | XOM: summons 3 friendly demons
 28511 | Spider:2 | XOM: god gift: silver javelin
 28591 | Spider:2 | XOM: give mutations
 28591 | Spider:2 | Lost mutation: You are mostly covered in iridescent scales.
                  | (AC +4) [Xom's mischief]
 28591 | Spider:2 | Lost mutation: Your natural rate of healing is unusually
                  | fast. [Xom's mischief]
 28591 | Spider:2 | Lost mutation: You are partially covered in iridescent
                  | scales. (AC +2) [Xom's mischief]
 28659 | Spider:2 | XOM: silly message
 28971 | Spider:3 | Reached XP level 18. HP: 122/128 MP: 0/0
 29014 | Spider:3 | Noticed Asterion
 29021 | Spider:3 | XOM: summons 1 hostile demon
 29033 | Spider:3 | Noticed an Executioner
 29033 | Spider:3 | XOM: 1-stop teleportation journey
 29075 | Spider:3 | XOM: repel stairs
 29090 | Spider:3 | XOM: smoke on damage
 29193 | Spider:3 | XOM: swap monsters
 29369 | Spider:3 | XOM: enchant monster (bad)
 29441 | Spider:3 | Asterion changed into Asterion the golden dragon
 29441 | Spider:3 | Noticed Asterion
 29441 | Spider:3 | XOM: polymorph Asterion -> Asterion the golden dragon
 29454 | Spider:3 | Killed Asterion the golden dragon
 29755 | Spider:4 | Entered Level 4 of the Spider Nest
 29769 | Spider:4 | XOM: confuse monster(s)
 29788 | Spider:3 | XOM: stat loss: -1 Int (20/21)
 29820 | Spider:3 | XOM: enchant monster (bad)
 29874 | Spider:3 | XOM: summons 3 hostile shadow creatures
 29878 | Spider:4 | XOM: divination: magic mapping
 29893 | Spider:4 | XOM: swap monsters
 29896 | Spider:4 | XOM: noise
 29953 | Spider:4 | XOM: chaos cloud
 30199 | Spider:4 | XOM: silly message
 30210 | Spider:4 | XOM: 3-stop teleportation journey
 30233 | Spider:4 | Identified the +4 mace "Ahypsig" {chaos, *Noise rF++ rCorr
                  | Int-5}
 30267 | Spider:4 | XOM: torment (65/127 hp)
 30394 | Spider:4 | XOM: enchant monster (bad)
 30545 | Spider:4 | XOM: enchant monster (bad)
 30547 | Spider:4 | XOM: summons 7 friendly demons
 30597 | Spider:3 | XOM: summons friendly ufetubus
 30598 | Spider:3 | XOM: smoke on damage
 30681 | Spider:4 | XOM: summons 3 friendly demons
 30746 | Spider:4 | XOM: enchant monster (bad)
 30762 | Spider:4 | XOM: summons friendly crimson imp
 30829 | Spider:4 | XOM: enchant monster (good)
 30881 | Spider:4 | XOM: enchant monster (good)
 30950 | Spider:4 | XOM: scenery: create altars
 31094 | Spider:4 | XOM: confuse monster(s)
 31108 | Spider:4 | XOM: cast spell 'Disjunction'
 31384 | Spider:4 | XOM: summons 4 friendly demons
 31658 | Spider:4 | Found the sphere of Battle
 31674 | Spider:4 | Got a gossamer rune of Zot
 31769 | Spider:4 | XOM: give mutations
 31769 | Spider:4 | Gained mutation: You are partially covered in iridescent
                  | scales. (AC +2) [Xom's grace]
 31769 | Spider:4 | Gained mutation: You are mostly covered in iridescent
                  | scales. (AC +4) [Xom's grace]
 32090 | D:4      | Bought a scroll of enchant weapon for 82 gold pieces
 32090 | D:4      | Bought a scroll of enchant weapon for 82 gold pieces
 32090 | D:4      | Bought a scroll of revelation for 82 gold pieces
 32116 | D:5      | XOM: give mutations
 32116 | D:5      | Lost mutation: You are mostly covered in iridescent scales.
                  | (AC +4) [Xom's mischief]
 32116 | D:5      | Lost mutation: Your muscles are very strong. (Str +8,
                  | Int/Dex -2) [Xom's mischief]
 32266 | Elf:1    | Entered Level 1 of the Elven Halls
 32300 | Elf:1    | XOM: fog
 32301 | Elf:1    | XOM: divination: detect items
 32412 | Elf:1    | XOM: fog
 32544 | Elf:1    | Found Honoaqac's Jewellery Shop.
 32585 | Elf:1    | Reached XP level 19. HP: 103/135 MP: 0/0
 32585 | Elf:1    | Learned a level 7 spell: Haunt
 32624 | Elf:1    | Found Kaluf's Magic Scroll Shoppe.
 32630 | Elf:1    | Bought a scroll of teleportation for 33 gold pieces
 32637 | Elf:1    | Found Haojaraf's Armour Boutique.
 32673 | Elf:1    | XOM: 1-stop teleportation journey
 32693 | Elf:1    | XOM: scenery: create altars
 32701 | Elf:1    | XOM: scenery: summon butterflies
 32708 | Elf:1    | XOM: fog
 32725 | Elf:1    | Found Hykiutah's General Store.
 32733 | Elf:1    | Bought a scroll of enchant weapon for 127 gold pieces
 32741 | Elf:1    | XOM: give mutations
 32741 | Elf:1    | Gained mutation: You are mostly covered in iridescent
                  | scales. (AC +4) [Xom's grace]
 32741 | Elf:1    | Gained mutation: You expend health (3 HP) to strengthen
                  | your wands. [Xom's grace]
 32795 | Elf:1    | XOM: give mutations
 32795 | Elf:1    | Gained mutation: You have a pair of small horns on your
                  | head. [Xom's grace]
 32795 | Elf:1    | Gained mutation: You are completely covered in iridescent
                  | scales. (AC +6) [Xom's grace]
 32795 | Elf:1    | Gained mutation: You are strong-willed. (Will+) [Xom's
                  | grace]
 32795 | Elf:1    | Gained mutation: You are highly strong-willed. (Will++)
                  | [Xom's grace]
 33039 | Elf:1    | Found Ziohuguw's Book Shoppe.
 33041 | Elf:1    | Found Dizos's Jewellery Shop.
 33044 | Elf:1    | Found Sulapp's Book Shoppe.
 33093 | Elf:1    | XOM: god gift: 23 gold pieces
 33112 | Elf:1    | XOM: potion effect (curing)
 33120 | Elf:1    | XOM: divine lightning
 33142 | Elf:1    | XOM: chaos upgrade
 33145 | Elf:1    | XOM: give mutations
 33145 | Elf:1    | Lost mutation: You expend health (3 HP) to strengthen your
                  | wands. [Xom's mischief]
 33145 | Elf:1    | Lost mutation: You possess an exceptional clarity of mind.
                  | [Xom's mischief]
 33561 | Elf:2    | XOM: chaos upgrade
 33875 | Elf:2    | XOM: cast spell 'Summon Horrible Things'
 34333 | Elf:2    | XOM: enchant monster (bad)
 34343 | Elf:2    | XOM: scenery: create altars
 34472 | Elf:2    | XOM: summons 8 hostile demons
 34498 | Elf:2    | Found a runed translucent gate.
 34499 | Elf:2    | Found a runed translucent gate.
 34499 | Elf:2    | Found a runed translucent gate.
 34597 | Elf:2    | Noticed Jorgrun
 34611 | Elf:2    | XOM: confusion
 34719 | Elf:1    | XOM: enchant monster (bad)
 34753 | Elf:2    | Killed Jorgrun
 34900 | Elf:2    | XOM: silly message
 35024 | Elf:2    | XOM: summons 6 hostile demons
 35039 | Elf:2    | XOM: summons friendly ufetubus
 35130 | Elf:2    | XOM: scenery: create altars
 35153 | Elf:2    | XOM: polymorph ufetubus -> white imp
 35288 | Elf:3    | Entered Level 3 of the Elven Halls
 35295 | Elf:3    | XOM: potion effect (berserk rage)
 35435 | Elf:3    | XOM: enchant monster (good)
 35438 | Elf:3    | Reached XP level 20. HP: 134/142 MP: 0/0
 35520 | Elf:3    | XOM: give mutation
 35520 | Elf:3    | Lost mutation: You have supernaturally acute eyesight.
                  | (SInv) [Xom's mischief]
 35536 | Elf:3    | XOM: scenery: 1 doors close
 35544 | Elf:3    | XOM: destruction
 35603 | Elf:2    | XOM: cloud trail
 35708 | Elf:3    | XOM: silly message
 35869 | Elf:3    | Found Yconipt's Assorted Antiques.
 35880 | Elf:3    | Bought a translucent scale mail for 279 gold pieces
 35880 | Elf:3    | Identified the +5 scale mail of Lugonu {Will+} (You bought
                  | it in a shop on level 3 of the Elven Halls)
 35880 | Elf:3    | Bought 3 scrolls of teleportation for 279 gold pieces
 35938 | Elf:3    | Reached skill level 10 in Shields
 36048 | Elf:3    | XOM: divination: magic mapping
 36048 | Elf:3    | Identified the +0 robe of Okawaru, Enfolding {+Inv Will+
                  | Dex-2}
 36048 | Elf:3    | Identified the amulet "Sauh" {Reflect rElec rCorr Int-2
                  | SH+5 Stlth+}
 36056 | Elf:3    | Identified the +1 quarterstaff "Blob" {heavy, Dex+6}
 36057 | Elf:3    | XOM: potion effect (might)
 36057 | Elf:3    | Identified the +9 dagger of Sicviowa {venom, rPois Int+4}
 36058 | Elf:3    | Identified the +1 lajatang "Zups" {spect, rPois Int+2}
 36115 | Elf:3    | XOM: silly message
 36118 | Elf:3    | XOM: noise
 36124 | Elf:3    | XOM: noise
 36141 | Elf:3    | Identified the +3 spear of Wani {freeze, rF+ Will+ rCorr}
 36271 | Elf:3    | XOM: summons 4 hostile demons
 36320 | Elf:3    | XOM: fog
 36359 | Elf:3    | XOM: divine lightning
 36432 | Elf:3    | Identified the +3 short sword of Qulaazy {pain, Dex+6}
 36737 | Elf:3    | XOM: summons 5 hostile demons
 36944 | Vaults:1 | Entered Level 1 of the Vaults
 36982 | Vaults:1 | XOM: summons friendly ufetubus
 36985 | Vaults:1 | XOM: 2-stop teleportation journey
 37013 | Vaults:1 | XOM: summons 9 hostile demons
 37016 | Vaults:1 | XOM: 2-stop teleportation journey
 37039 | Vaults:1 | XOM: stat loss: -1 Int (21/22)
 37105 | Vaults:1 | Found Miusinis's Antique Weapon Emporium.
 37181 | Vaults:1 | Found Jorhi's Antique Weapon Boutique.
 37323 | Vaults:1 | Annihilated by a dire elephant

Illustrated notes

Levels and vault maps discovered:
D:1:      dpeg_arrival_rooms_a, layout_rooms, item_on_display_a
D:2:      minmay_roachtagon, layout_rooms, basic_altar, serial_forest,
          infiniplex_forest_corner_1, infiniplex_forest_lined_corner,
          infiniplex_forest_straight_5, infiniplex_forest_clump_tiny,
          infiniplex_forest_end_3, infiniplex_forest_clump_curved, uniq_natasha
D:3:      layout_basic, uniq_jessica
D:4:      layout_basic, serial_shops, shop
D:5:      layout_loops_cross, lemuel_doored_altar, kennysheep_generic_room_7
D:6:      layout_cave_pods, bloody_trog, temple_pool_b, portal_sewer_entry_b,
          uniq_duvessa
D:7:      layout_basic, nicolae_overflow_crystal_walls, uniq_jeremiah
D:8:      layout_loops_cross, mainiacjoe_overflow_six_doors_small, serial_shops,
          shop, nicolae_shop_pleasant_corner_grove, nicolae_lakefront_shop
D:9:      layout_irregular_city, dpeg_lair_monsters, orc_0_dummy,
          hangedman_feature_mirror, grunt_ministairs_9, uniq_psyche
D:10:     layout_grid_maze
D:11:     layout_loops_corners
D:12:     nzn_winding_woodlands_huge [nzn_winding_woodlands_5x15_jagged,
          nzn_winding_woodlands_5x15_parted, nzn_winding_woodlands_5x15_default,
          nzn_winding_woodlands_5x15_pool, nzn_winding_woodlands_5x15_garden,
          nzn_winding_woodlands_5x15_zeroes,
          nzn_winding_woodlands_5x15_river_crossing,
          nzn_winding_woodlands_5x15_split_checker,
          nzn_winding_woodlands_5x15_twine,
          nzn_winding_woodlands_5x15_pathside_ponds,
          nzn_winding_woodlands_center_lodge,
          nzn_winding_woodlands_center_garden,
          nzn_winding_woodlands_15x15_eel_pit], layout_rooms, uniq_sonja,
          uniq_kirke, uniq_josephine
D:13:     layout_loops_ring, skrybe_vaults_entry_preservation, uniq_azrael
D:14:     layout_grid_maze, minmay_misc_feat_nine_boxes
D:15:     hellmonk_depths_entry_around_the_bend, layout_stronghold,
          ebering_ghost_inner_flame, eino_curves_02, serial_shops, shop,
          evilmike_butchery
Lair:1:   layout_regular_city, minivault_11, lemuel_fruit_tree,
          infiniplex_staircase_pool_2
Lair:2:   layout_misc_corridors, gammafunk_ghost_hydra_chop, grunt_megastairs_5
Lair:3:   layout_cave_pods, shoals_dummy_entry, spider_nest_entry_a,
          st_stairs_4, cheibrodos_lair_caveside_slide,
          nicolae_quartered_pool_impasse
Lair:4:   layout_long_grid, gammafunk_ghost_grave
Lair:5:   guppyfry_lair_end_dragon, layout_hall_layers,
          hangedman_lair_caniforms_friends, nicolae_slime_entry_field_trip,
          st_stairs_3, grunt_forest_large_clearings, uniq_rupert
Spider:1: layout_spider_delve
Spider:2: layout_cave_pods, nicolae_spider_swamp_cousins, uniq_mlioglotl,
          uniq_louise, uniq_frances, uniq_arachne
Spider:3: layout_spider_delve, uniq_asterion
Spider:4: grunt_spider_rune_parallel, nicolae_spider_paper_wasps
Orc:1:    layout_caves, basic_altar, mines2_david
Orc:2:    st_orc_rangers, layout_diamond_mine, serial_shops,
          nicolae_shop_pleasant_corner_grove, nicolae_shop_tiny_statue_garden,
          shop, abandoned_shop, nicolae_shop_clearance
Elf:1:    layout_loops_corners, serial_shops, nicolae_take_the_stairs, shop,
          shop, shop, minmay_elf_demonology, glass_columns_a,
          minmay_misc_feat_diagonals, nrook_mini_backslash, minivault_8,
          minmay_shop_grove
Elf:2:    nicolae_elf_blades_crystal_corner, layout_loops_cross,
          nicolae_concentric_dashed_squares_mild, uniq_jorgrun
Elf:3:    minmay_elf_hall_dome, layout_geoelf_grid, serial_shops, shop
Vaults:1: vaults_mumra_hex, nicolae_vaults_taking_the_gang_shopping,
          vaults_room_boxed, nicolae_vaults_apartment_2,
          nicolae_vaults_heart-shaped_vault, nicolae_vaults_little_squares_3,
          nicolae_vaults_mitosis, nicolae_vaults_six-pack,
          nicolae_vaults_circle_grid_a, v_misc_19, layout_vaults_omnigrid,
          serial_shops, nicolae_shop_industrial_runoff, shop, shop

Skill      XL: |  1  2  3  4  5  6  7  8  9 10 11 12 13 14 15 16 17 18 19 20 |
---------------+-------------------------------------------------------------+-----
Spellcasting   | 1 2 3 4 5 6 7 8 9 10 11 12 13 14 | 14.3
Conjurations   | 1 2 3 4 5 6 7 8 9 10 11 12 13 | 13.5
Hexes          | 1 2 3 4 5 6 7 8 9 10 11 12 13 | 13.5
Summonings     | 1 2 3 4 5 6 7 8 9 10 11 12 13 | 13.6
Necromancy     | 1 2 3 4 5 6 7 8 9 10 11 12 13 | 13.5
Translocations | 1 2 3 4 5 6 7 8 9 10 11 12 13 | 13.5
Fire Magic     | 1 2 3 4 5 6 7 8 9 10 11 12 13 | 13.5
Ice Magic      | 1 2 3 4 5 6 7 8 9 10 11 12 13 | 13.5
Air Magic      | 1 2 3 4 5 6 7 8 9 10 11 12 13 | 13.5
Earth Magic    | 1 2 3 4 5 6 7 8 9 10 11 12 13 | 13.5
Alchemy        | 1 2 3 4 5 6 7 8 9 10 11 12 13 | 13.5
Long Blades    | 3 4 5 6 7 8 9 10 11 12 13 | 13.9
Armour         | 2 3 4 5 6 8 9 10 11 12 13 14 | 14.5
Dodging        | 3 4 5 6 7 8 9 10 11 12 13 | 13.8
Fighting       | 4 5 6 7 8 9 10 11 12 | 12.9
Evocations     | 2 5 6 8 9 10 | 10.9
Shields        | 2 4 5 6 7 8 9 10 | 10.4
Shapeshifting  | 2 3 5 6 7 8 |  8.0

Action                     |  1- 3 |  4- 6 |  7- 9 | 10-12 | 13-15 | 16-18 | 19-21 || total
---------------------------+-------+-------+-------+-------+-------+-------+-------++-------
  Melee: Falchion          |    56 |   201 |   459 |    77 |       |       |       ||   793
         Scimitar          |       |       |       |   719 |   178 |       |       ||   897
         Peck              |       |       |       |   126 |   222 |   120 |       ||   468
         Double sword      |       |       |       |       |   850 |  1279 |   483 ||  2612
         Headbutt          |       |       |       |       |       |       |   107 ||   107
   Cast: Mercury Vapours   |       |       |    29 |    35 |     1 |    15 |     5 ||    85
         Stone Arrow       |       |       |    14 |     6 |    37 |    20 |    26 ||   103
         Tukima's Dance    |       |       |     1 |       |     5 |       |     1 ||     7
         Iskenderun's Batt |       |       |       |       |     1 |     2 |       ||     3
         Summon Cactus Gia |       |       |       |       |       |     6 |     8 ||    14
         Bombard           |       |       |       |       |       |     6 |    23 ||    29
         Yara's Violent Un |       |       |       |       |       |     3 |    43 ||    46
  Evoke: Wand              |       |       |       |       |     1 |       |     6 ||     7
    Use: Scroll            |       |     6 |     7 |     2 |     6 |    12 |     8 ||    41
         Potion            |       |       |       |       |     1 |     1 |     1 ||     3
   Stab: Confused          |       |     1 |     2 |     2 |     3 |     3 |       ||    11
         Paralysed         |       |     1 |     1 |       |     4 |     6 |       ||    12
         Sleeping          |       |       |     1 |     1 |     2 |     1 |       ||     5
         Petrifying        |       |       |     1 |       |       |       |       ||     1
         Distracted        |       |       |       |     1 |       |     6 |     1 ||     8
         Invisible         |       |       |       |       |       |     1 |       ||     1
 Armour: Leather armour    |    61 |   118 |   331 |    83 |       |       |       ||   593
         Steam dragon scal |       |       |    25 |    16 |       |       |       ||    41
         Chain mail        |       |       |       |   810 |  1460 |  1627 |   460 ||  4357
  Dodge: Dodged            |    50 |   128 |   326 |   571 |  1005 |   959 |   238 ||  3277
  Block: Other             |    10 |    56 |   165 |   230 |       |    10 |     8 ||   479
         Buckler           |       |       |       |   131 |  1042 |   771 |   338 ||  2282
         Kite shield       |       |       |       |       |       |   640 |       ||   640

Table legend: (Time is in decaauts)
 A = Elapsed time spent in this place.
 B = Non-inter-level travel time spent in this place.
 C = Inter-level travel time spent in this place.
 D = Time resting spent in this place.
 E = Time spent auto-exploring this place.
 F = Levels seen in this place.
 G = Mean time per level.
                   A        B        C        D        E       F      G
               +--------+--------+--------+--------+--------+-----+--------+
         Total |  38316 |  36125 |   2191 |   8730 |  18069 |  30 | 1277.2 |
       Dungeon |  21469 |  20251 |   1218 |   7175 |   9367 |  15 | 1431.3 |
          Lair |   6026 |   5623 |    403 |    151 |   3385 |   5 | 1205.2 |
   Spider Nest |   4701 |   4540 |    161 |    763 |   2161 |   4 | 1175.2 |
  Orcish Mines |   1227 |   1124 |    103 |     50 |    701 |   2 |  613.5 |
   Elven Halls |   4500 |   4197 |    303 |    578 |   2221 |   3 | 1500.0 |
        Vaults |    392 |    392 |      0 |     13 |    234 |   1 |  392.0 |
               +--------+--------+--------+--------+--------+-----+--------+

Top non-repeatable levels by time:
     D:1: 7226 daAuts
Spider:4: 1726 daAuts
  Lair:5: 1688 daAuts
   Elf:1: 1647 daAuts
   Elf:3: 1539 daAuts
   Elf:2: 1313 daAuts
Spider:2: 1277 daAuts
     D:9: 1246 daAuts
     D:6: 1221 daAuts
    D:15: 1213 daAuts
     D:8: 1210 daAuts
Spider:3: 1192 daAuts
  Lair:3: 1116 daAuts
  Lair:1: 1111 daAuts
     D:7: 1094 daAuts
